 Dungeon Crawl Stone Soup version 0.30-a0-737-gf23d94013f (webtiles) character file.

Game seed: 950631348518367123

57 hikkokomori the Sneak (level 3, -5/21 HPs)
             Began as a Deep Elf Brigand on Feb 2, 2023.
             Slain by an orc priest
             ... wielding a +0 flail
              (9 damage)
             ... on level 3 of the Dungeon.
             The game lasted 00:01:43 (1553 turns).

hikkokomori the Sneak (Deep Elf Brigand)            Turns: 1553, Time: 00:01:43

Health: -5/21      AC:  4    Str:  8    XL:     3   Next: 73%
Magic:  5/5        EV: 13    Int: 15    God:
Gold:   77         SH:  0    Dex: 24    Spells: 2/2 levels left

rFire   . . .      SeeInvis .    a - +2 dagger
rCold   . . .      Faith    .    (no shield)
rNeg    . . .      Spirit   .    b - +0 robe
rPois   .          Reflect  .    (no helmet)
rElec   .          Harm     .    c - +0 cloak
rCorr   .          Rampage  .    (no gloves)
Will    .....                    r - +0 pair of boots
Stlth   +++                      (no amulet)
HPRegen 0.23/turn                n - +6 ring of dexterity
MPRegen 0.09/turn                (no ring)

@: no status effects
A: no striking features
a: no special abilities


You were on level 3 of the Dungeon.
You visited 1 branch of the dungeon, and saw 3 of its levels.

You collected 77 gold pieces.

Inventory:

Hand Weapons
 a - a +2 dagger (weapon)
Missiles
 d - 9 poisoned darts (quivered)
 e - 3 curare-tipped darts
Armour
 b - a +0 robe (worn)
 c - a +0 cloak (worn)
 r - a +0 pair of boots (worn)
Jewellery
 n - a +6 ring of dexterity (left hand)
Scrolls
 g - a scroll of identify {unknown}
 h - 2 scrolls of vulnerability {unknown}
 i - a scroll of amnesia {unknown}
 k - a scroll of immolation {unknown}
 o - a scroll of enchant armour {unknown}
 p - a scroll of blinking {unknown}
 q - a scroll of enchant weapon {unknown}
Potions
 f - 2 potions of resistance {unknown}
 j - a potion of degeneration {unknown}
 l - a potion of might {unknown}
 m - a potion of cancellation {unknown}
 s - 3 potions of heal wounds {unknown}
 t - a potion of curing {unknown}
 u - a potion of haste {unknown}


   Skills:
 + Level 2.3 Fighting
 + Level 2.9 Short Blades
 - Level 2.0 Throwing
 + Level 2.7 Dodging
 - Level 4.8 Stealth


You had 2 spell levels left.
You didn't know any spells.
Your spell library was empty.

Dungeon Overview and Level Annotations

Branches:
Dungeon (3/15)

Altars:


Message History

The orc priest hits you with a +0 flail.
You hit the orc priest.
The orc priest is lightly wounded.
The orc priest begins to cast a cantrip, but forgets the words!
You hit the orc priest but do no damage.
The orc priest is lightly wounded.
The orc priest hits you but does no damage.
You hit the orc priest.
The orc priest is heavily wounded.
The orc priest invokes the aid of Beogh against you.
Beogh smites you!
Ouch! That really hurt!
* * * LOW HITPOINT WARNING * * *
You are too injured to fight recklessly!
You are too injured to fight recklessly!
You are too injured to fight recklessly!
You are too injured to fight recklessly!
You are too injured to fight recklessly!
You are too injured to fight recklessly!
You are too injured to fight recklessly!
You are too injured to fight recklessly!
You are too injured to fight recklessly!
You are too injured to fight recklessly!
You are too injured to fight recklessly!
You are too injured to fight recklessly!
You are too injured to fight recklessly!
You are too injured to fight recklessly!
You are too injured to fight recklessly!
You are too injured to fight recklessly!
You are too injured to fight recklessly!
You are too injured to fight recklessly!
You hit the orc priest.
The orc priest is heavily wounded.
The orc priest closely misses you.
You hit the orc priest but do no damage.
The orc priest is heavily wounded.
You hit the orc priest but do no damage.
The orc priest is heavily wounded.
The orc priest hits you with a +0 flail!
You die...

#...#...........
###.#..#........
#.....<#.##.#.
####...#.# .
#...# ##
#...##.#
##.#....#
##..####.# #..@#
# #>....#oo..#
##....#..#.#
#..?..#### #
#..... #.....
+..... #.....


You could see an orc priest and an orc.

Vanquished Creatures
  An adder (D:2)
  A worm (D:2)
  5 bats (D:1)
  3 endoplasms
  A giant cockroach (D:1)
  8 goblins
  5 hobgoblins
  2 jackals (D:1)
  4 kobolds
  3 ball pythons
  A frilled lizard (D:2)
  7 rats
41 creatures vanquished.

Notes
Turn   | Place    | Note
-------+----------+-------------------------------------------
     0 | D:1      | hikkokomori the Deep Elf Brigand began the quest for the
                  | Orb.
     0 | D:1      | Reached XP level 1. HP: 12/12 MP: 3/3
   113 | D:1      | Reached XP level 2. HP: 17/17 MP: 4/4
   475 | D:1      | Found a faded altar of an unknown god.
   723 | D:1      | Reached XP level 3. HP: 21/21 MP: 5/5
  1553 | D:3      | Slain by an orc priest

Illustrated notes

Levels and vault maps discovered:
D:1:      minmay_arrival_four_loops, layout_loops_ring,
          shapermc_ecumenical_altar_notcrosses
D:2:      layout_loops_cross
D:3:      minmay_evil_eye, layout_basic

Skill      XL: |  1  2 |
---------------+-------+-----
Dodging        | 2 |  2.7
Fighting       | 2 |  2.3
Short Blades   | |  2.9
Throwing       | |  2.0
Stealth        | |  4.8

Action                     || total
---------------------------++-------
  Melee: Dagger            ||   127
         Punch             ||     1
   Stab: Sleeping          ||     9
         Distracted        ||     1
 Armour: Robe              ||    33
  Dodge: Dodged            ||    76

Table legend: (Time is in decaauts)
 A = Elapsed time spent in this place.
 B = Non-inter-level travel time spent in this place.
 C = Inter-level travel time spent in this place.
 D = Time resting spent in this place.
 E = Time spent auto-exploring this place.
 F = Levels seen in this place.
 G = Mean time per level.
                   A        B        C        D        E       F      G
               +--------+--------+--------+--------+--------+-----+--------+
         Total |   1538 |   1427 |    111 |      0 |   1140 |   3 |  512.7 |
       Dungeon |   1538 |   1427 |    111 |      0 |   1140 |   3 |  512.7 |
               +--------+--------+--------+--------+--------+-----+--------+

Top non-repeatable levels by time:
     D:1: 837 daAuts
     D:2: 661 daAuts
     D:3: 38 daAuts
